 Dungeon Crawl Stone Soup version 0.27-a0-1177-g245c70e1c0 (webtiles) character file.

Game seed: 2211627271528367231

1037 Gargoyl the Skirmisher (level 8, -3/67 HPs)
             Began as a Gnoll Abyssal Knight on May 16, 2021.
             Was a Believer of Lugonu.
             Splashed by a jelly's acid (4 damage)
             ... on level 5 of the Dungeon.
             The game lasted 00:04:56 (4943 turns).

Gargoyl the Skirmisher (Gnoll Abyssal Knight)       Turns: 4943, Time: 00:04:57

Health: -3/67      AC: 15    Str: 22    XL:     8   Next: 24%
Magic:  12/12      EV:  5    Int: 13    God:    Lugonu [**....]
Gold:   203        SH:  5    Dex: 20    Spells: 13/13 levels left

rFire    . . .     SeeInvis .   a - +1 hand axe
rCold    . . .     Faith    .   i - +0 buckler
rNeg     . . .     Spirit   .   d - +0 crystal plate armour
rPois    .         Reflect  .   (no helmet)
rElec    .         Harm     .   (no cloak)
rCorr    .         Rampage  .   p - +1 pair of gloves
Will     .....                  (no boots)
Stlth    ..........             (no amulet)
HPRegen  0.21/turn              c - ring of Cowardice {*Slow Fly Str+10 Int+2 Slay+2}
MPRegen  0.13/turn              j - +6 ring of dexterity

@: corroded, attractive, flying, hasted, very quick
A: fangs 1, strong nose, distributed training
a: Renounce Religion, Depart the Abyss, Bend Space


You were on level 5 of the Dungeon.
You worshipped Lugonu.
Lugonu was pleased with you.
You visited 1 branch of the dungeon, and saw 5 of its levels.
You visited the Abyss 1 time.

You collected 261 gold pieces.
You spent 58 gold pieces at shops.

Inventory:

Hand Weapons
 a - a +1 hand axe (weapon)
 n - a +0 war axe
Missiles
 b - 5 curare-tipped darts (quivered)
Armour
 d - a +0 crystal plate armour (worn)
 i - a +0 buckler (worn)
 p - a +1 pair of gloves (worn)
Jewellery
 c - the ring of Cowardice (left hand) {*Slow Fly Str+10 Int+2 Slay+2}
   (You found it on level 2 of the Abyss)

   [ring of flight]

   It affects your strength (+10).
   It affects your intelligence (+2).
   It affects your accuracy and damage with ranged weapons and melee attacks
   (+2).
   It grants you flight.
   It may slow you when you take damage.
 j - a +6 ring of dexterity (right hand)
 l - a ring of willpower
 r - a +6 ring of strength
Wands
 f - a wand of flame (13)
 o - a wand of acid (8)
 q - a wand of digging (6)
 u - a wand of charming (10)


   Skills:
 + Level 7.3 Fighting
 + Level 3.1 Short Blades
 + Level 3.1 Long Blades
 + Level 5.6 Axes
 + Level 3.1 Maces & Flails
 + Level 3.1 Polearms
 + Level 3.1 Staves
 + Level 3.1 Slings
 + Level 3.1 Bows
 + Level 3.1 Crossbows
 + Level 3.1 Throwing
 + Level 5.6 Armour
 + Level 4.1 Dodging
 + Level 3.1 Stealth
 + Level 3.1 Shields
 + Level 3.1 Unarmed Combat
 + Level 3.1 Spellcasting
 + Level 2.5 Conjurations
 + Level 2.5 Hexes
 + Level 2.5 Summonings
 + Level 2.5 Necromancy
 + Level 2.5 Translocations
 + Level 2.5 Transmutations
 + Level 2.5 Fire Magic
 + Level 2.5 Ice Magic
 + Level 2.5 Air Magic
 + Level 2.5 Earth Magic
 + Level 2.5 Poison Magic
 + Level 5.8 Invocations
 + Level 3.1 Evocations


You had 13 spell levels left.
You didn't know any spells.
Your spell library contained the following spells:

 Spells                   Type           Power      Damage    Failure   Level
 Freeze                   Ice            32%        1d5       100%        1
 Magic Dart               Conj           32%        1d4       100%        1
 Blink                    Tloc           N/A        N/A       100%        2
 Call Imp                 Summ           8%         N/A       100%        2
 Slow                     Hex            8%         N/A       100%        2
 Conjure Flame            Conj/Fire      8%         6-21      100%        3
 Frozen Ramparts          Ice            16%        1d3       100%        3
 Mephitic Cloud           Conj/Pois/Air  8%         N/A       100%        3
 Ozocubu's Armour         Ice            8%         N/A       100%        3
 Hailstorm                Conj/Ice       8%         3d4       100%        4
 Bolt of Magma            Conj/Fire/Erth 4%         4d5       100%        5
 Iskenderun's Battlesphe  Conj           8%         2d6       100%        5
 Metabolic Englaciation   Hex/Ice        4%         N/A       100%        5
 Iron Shot                Conj/Erth      4%         9d2       100%        6
 Orb of Destruction       Conj           4%         9d2       100%        7
 Spellforged Servitor     Conj/Summ      4%         N/A       100%        7


Dungeon Overview and Level Annotations

Branches:
Dungeon (5/15)             Temple (0/1) D:5

Altars:
Xom

Shops:
D:1 [

Annotations:
D:5 Menkaure


Innate Abilities, Weirdness & Mutations

You have very sharp teeth.
Your uncanny sense of smell can sniff out nearby items.
Your experience applies equally to all skills.


Message History

You slash Menkaure!
Menkaure is heavily damaged.
You hit the jelly.
Your hands burn!
The jelly hits you.
You are splashed with acid!
Menkaure hits you!
Unknown command.
You barely miss Menkaure.
Menkaure is moderately damaged.
You hit the jelly. The acid corrodes you!
Your hands burn!
* * * LOW HITPOINT WARNING * * *
The jelly hits you but does no damage.
Unknown command.
You hit Menkaure but do no damage. You bite Menkaure, but do no damage.
Menkaure is moderately damaged.
You hit the jelly.
Your hands burn!
* * * LOW HITPOINT WARNING * * *
Menkaure hits you.
* * * LOW HITPOINT WARNING * * *
The jelly hits you but does no damage.
You hit Menkaure but do no damage.
Menkaure is moderately damaged.
You hit the jelly.
Your hands burn!
* * * LOW HITPOINT WARNING * * *
Menkaure gestures at you while chanting.
You struggle to resist.
You slash Menkaure!
Menkaure is severely damaged.
You hit the jelly but do no damage.
Your hands burn!
* * * LOW HITPOINT WARNING * * *
The jelly hits you but does no damage.
Unknown command.
Okay, then.
Unknown command.
You aren't carrying any potions.
Unknown command.
You aren't carrying any scrolls.
Unknown command.
You hit Menkaure.
Menkaure is severely damaged.
You hit the jelly.
Your hands burn!
You die...

#. #. .###' ....
... #..
#####..###+##....$#
.......M....#.....#
......J@....#.....#
............#.....#
####..###..##.....#
#..###..##....#
...............#
................#
##..####...##....#
#######
#..####...##))..#
#.....#
........>..)..#


You could see Menkaure and a jelly.

Vanquished Creatures
  Pikel (D:4)
  A necrophage (D:4)
  An ogre (D:2)
  2 scorpions
  A jelly (D:5)
  A hound (D:4)
  An orc priest (D:4)
  Ijyb (D:5)
  4 gnolls
  5 adders
  A shadow imp (D:5)
  3 worms
  5 dart slugs
  3 orcs (D:4)
  4 endoplasms
  4 giant cockroaches
  2 goblins (D:1)
  6 hobgoblins
  10 jackals
  5 quokkas
  13 ball pythons
  4 bats
  2 frilled lizards
  7 kobolds
  5 rats
92 creatures vanquished.

Vanquished Creatures (others)
  A gnoll (D:3)
  An adder (D:3)
  A dart slug (D:3)
  An orc (D:3)
  An endoplasm (D:3)
  A giant cockroach (D:3)
  A hobgoblin (D:3)
  2 ball pythons (D:3)
  A rat (D:3)
10 creatures vanquished.

Grand Total: 102 creatures vanquished

Notes
Turn   | Place    | Note
-------+----------+-------------------------------------------
     0 | Abyss:1  | Gargoyl the Gnoll Abyssal Knight began the quest for the
                  | Orb.
     0 | Abyss:1  | Reached XP level 1. HP: 23/23 MP: 3/3
    52 | Abyss:2  | Identified the ring of Cowardice {*Slow Fly Str+10 Int+2
                  | Slay+2}
   162 | Abyss:2  | Identified a scroll of acquirement
   162 | Abyss:2  | Acquired a +0 crystal plate armour
   189 | Abyss:2  | Noticed a small abomination
   190 | D:1      | Escaped the Abyss
   456 | D:1      | Reached XP level 2. HP: 29/29 MP: 5/5
   575 | D:1      | Reached * piety under Lugonu
   940 | D:1      | Reached XP level 3. HP: 35/35 MP: 6/6
  1043 | D:1      | Found Esayr's Armour Emporium.
  1055 | D:1      | Bought a +0 buckler for 58 gold pieces
  1761 | D:2      | Reached skill level 1 in Short Blades
  1761 | D:2      | Reached skill level 1 in Long Blades
  1761 | D:2      | Reached skill level 1 in Maces & Flails
  1761 | D:2      | Reached skill level 1 in Polearms
  1761 | D:2      | Reached skill level 1 in Staves
  1761 | D:2      | Reached skill level 1 in Slings
  1761 | D:2      | Reached skill level 1 in Bows
  1761 | D:2      | Reached skill level 1 in Crossbows
  1761 | D:2      | Reached skill level 1 in Throwing
  1761 | D:2      | Reached skill level 1 in Stealth
  1761 | D:2      | Reached skill level 1 in Shields
  1761 | D:2      | Reached skill level 1 in Unarmed Combat
  1761 | D:2      | Reached skill level 1 in Spellcasting
  1761 | D:2      | Reached skill level 1 in Evocations
  1924 | D:2      | Reached XP level 4. HP: 37/41 MP: 7/7
  2013 | D:2      | Found a faded altar of an unknown god.
  2176 | D:2      | Noticed an ogre
  2181 | D:2      | Killed an ogre
  2182 | D:2      | Reached skill level 1 in Conjurations
  2182 | D:2      | Reached skill level 1 in Hexes
  2182 | D:2      | Reached skill level 1 in Summonings
  2182 | D:2      | Reached skill level 1 in Necromancy
  2182 | D:2      | Reached skill level 1 in Translocations
  2182 | D:2      | Reached skill level 1 in Transmutations
  2182 | D:2      | Reached skill level 1 in Fire Magic
  2182 | D:2      | Reached skill level 1 in Ice Magic
  2182 | D:2      | Reached skill level 1 in Air Magic
  2182 | D:2      | Reached skill level 1 in Earth Magic
  2182 | D:2      | Reached skill level 1 in Poison Magic
  2182 | D:2      | Reached XP level 5. HP: 30/47 MP: 8/8
  2679 | D:3      | Reached skill level 5 in Invocations
  2692 | D:3      | Reached XP level 6. HP: 50/53 MP: 9/9
  3027 | D:3      | Found a shimmering altar of Xom.
  3062 | D:3      | Reached ** piety under Lugonu
  3616 | D:4      | Reached skill level 5 in Axes
  3616 | D:4      | Reached skill level 5 in Armour
  3666 | D:4      | Noticed a necrophage
  3677 | D:4      | Killed a necrophage
  3715 | D:4      | Noticed Pikel
  3740 | D:4      | Killed Pikel
  3741 | D:4      | Reached skill level 7 in Fighting
  3741 | D:4      | Reached XP level 7. HP: 9/60 MP: 9/11
  4049 | D:4      | Reached XP level 8. HP: 55/67 MP: 12/12
  4572 | D:5      | Entered Level 5 of the Dungeon
  4582 | D:5      | Noticed Menkaure
  4758 | D:5      | Noticed Ijyb
  4779 | D:5      | Killed Ijyb
  4864 | D:5      | Found a staircase to the Ecumenical Temple.
  4942 | D:5      | HP: 1/67 [acid (4)]
  4943 | D:5      | Splashed by a jelly's acid

Illustrated notes

Levels and vault maps discovered:
D:1:      amcnicky_arrival_flooded_fountain, layout_loops_ring, serial_shops,
          shop, serial_co_window_serial, co_window_paths_a, co_window_corner_a,
          co_window_of_opportunity_a, co_window_cross_1, co_window_paths_b,
          co_window_corner_a, co_window_cross_4, co_window_unsneaky_path_e,
          co_window_broadway_c, co_window_of_opportunity_b, glass_columns_b,
          glass_columns_a, glass_columns_c, glass_columns_b, minivault_19,
          minmay_heptomino_d4
D:2:      layout_basic, shapermc_ecumenical_altar_venn
D:3:      layout_loops_ring, xom_confusion_cloud
D:4:      layout_basic, roderic_serpentine_path, uniq_pikel
D:5:      minmay_octagon_keep, layout_gridville, minmay_temple_entry_tees,
          minmay_crossroads, uniq_menkaure, uniq_ijyb

Skill      XL: |  1  2  3  4  5  6  7  8 |
---------------+-------------------------+-----
Short Blades   | 1 2 3 |  3.1
Long Blades    | 1 2 3 |  3.1
Maces & Flails | 1 2 3 |  3.1
Polearms       | 1 2 3 |  3.1
Staves         | 1 2 3 |  3.1
Slings         | 1 2 3 |  3.1
Bows           | 1 2 3 |  3.1
Crossbows      | 1 2 3 |  3.1
Throwing       | 1 2 3 |  3.1
Stealth        | 1 2 3 |  3.1
Shields        | 1 2 3 |  3.1
Unarmed Combat | 1 2 3 |  3.1
Spellcasting   | 1 2 3 |  3.1
Evocations     | 1 2 3 |  3.1
Dodging        | 3 4 |  4.1
Conjurations   | 1 2 |  2.5
Hexes          | 1 2 |  2.5
Summonings     | 1 2 |  2.5
Necromancy     | 1 2 |  2.5
Translocations | 1 2 |  2.5
Transmutations | 1 2 |  2.5
Fire Magic     | 1 2 |  2.5
Ice Magic      | 1 2 |  2.5
Air Magic      | 1 2 |  2.5
Earth Magic    | 1 2 |  2.5
Poison Magic   | 1 2 |  2.5
Invocations    | 5 |  5.8
Axes           | 5 |  5.6
Armour         | 5 |  5.6
Fighting       | 7 |  7.3

Action                   |  1- 3 |  4- 6 |  7- 9 || total
-------------------------+-------+-------+-------++-------
Melee: Hand axe          |    86 |   113 |    91 ||   290
       Bite              |     8 |    20 |    15 ||    43
Invok: Depart the Abyss  |     1 |       |       ||     1
  Use: Potion            |     1 |     1 |     4 ||     6
       Scroll            |     1 |       |     6 ||     7
Armor: Crystal plate arm |    85 |    81 |    58 ||   224
Dodge: Dodged            |    13 |    18 |    19 ||    50
Block: Buckler           |     3 |    19 |    17 ||    39

Table legend: (Time is in decaauts)
 A = Elapsed time spent in this place.
 B = Non-inter-level travel time spent in this place.
 C = Inter-level travel time spent in this place.
 D = Time resting spent in this place.
 E = Time spent auto-exploring this place.
 F = Levels seen in this place.
 G = Mean time per level.
                   A        B        C        D        E       F      G
               +--------+--------+--------+--------+--------+-----+--------+
         Total |   4974 |   4919 |     55 |    209 |   3904 |   7 |  710.6 |
       Dungeon |   4785 |   4730 |     55 |    209 |   3737 |   5 |  957.0 |
         Abyss |    189 |    189 |      0 |      0 |    167 |   2 |   94.5 |
               +--------+--------+--------+--------+--------+-----+--------+

Top non-repeatable levels by time:
     D:1: 1438 daAuts
     D:4: 1203 daAuts
     D:2: 1049 daAuts
     D:3: 723 daAuts
     D:5: 371 daAuts
 Abyss:2: 186 daAuts
 Abyss:1: 3 daAuts
